Map: Orbital Shipyard

Players

Nerchio

  • Race: Zerg Zerg
  • League: Grandmaster

MMA - Winner!

  • Race: Terran Terran

Event: Homestory Cup XII

VOD

Have the link to the VOD?

Description

Time

  • Played on: Dec. 20, 2015, 10:18 a.m.
  • Length: 13:44

All games in this series

Show
View Real Time Build Order
Export as new Build Order

Nerchio Zerg 

Build Orders: Hatch First 

Get SALT Encoding   

  12  0:01  Drone  
  13  0:12  Overlord  
  13  0:17  Drone  
  14  0:30  Drone x2  
  14  0:34  Drone  
  17  0:52  Hatchery  
  17  0:56  Drone  
  17  0:59  Drone  
  18  1:14  Spawning Pool  
  18  1:15  Drone  
  18  1:19  Drone  
  18  1:21  Extractor  
  18  1:28  Drone  
  19  1:38  Overlord  
  19  2:01  Zergling x4, Queen  
  23  2:03  Queen  
  23  2:04  Zergling x2  
  26  2:10  Drone  
  26  2:15  Drone  
  28  2:23  Drone, Roach Warren  
  28  2:28  Drone  
  28  2:32  Drone  
  29  2:41  Drone  
  29  2:43  Overlord  
  30  2:49  Overlord  
  30  3:03  Hatchery, Drone  
  30  3:06  Drone  
  30  3:08  Drone  
  30  3:10  Drone  
  33  3:13  Drone  
  33  3:15  Drone  
  33  3:17  Drone  
  37  3:20  Drone  
  37  3:22  Drone  
  37  3:24  Drone  
  39  3:28  Overlord  
  39  3:30  Drone  
  40  3:37  Queen  
  40  3:41  Overlord  
  42  3:43  Drone  
  42  3:44  Drone  
  44  3:48  Roach  
  44  3:49  Roach  
  44  3:52  Roach  
  44  3:54  Drone  
  51  3:56  Drone  
  51  3:59  Drone x2, Extractor  
  51  4:02  Metabolic Boost  
  53  4:05  Drone  
  53  4:06  Drone  
  55  4:16  Drone x6  
  61  4:22  Overlord  
  61  4:26  Spore Crawler  
  61  4:27  Drone x3  
  61  4:29  Drone  
  65  4:31  Drone  
  65  4:34  Extractor  
  65  4:35  Spore Crawler  
  63  4:41  Drone x3  
  66  4:48  Evolution Chamber, Drone  
  66  4:49  Evolution Chamber, Drone x2  
  67  4:56  Ravager x3  
  67  4:57  Overlord  
  70  5:05  Extractor  
  69  5:09  Spore Crawler  
  69  5:10  Lair  
  69  5:12  Drone x6  
  74  5:17  Zerg Melee Weapons Level 1  
  74  5:21  Overlord  
  74  5:23  Drone  
  74  5:24  Drone x5  
  74  5:28  Extractor  
  78  5:30  Extractor  
  78  5:32  Drone, Zerg Ground Armor Level 1  
  78  5:33  Drone  
  78  5:34  Drone  
  79  5:36  Drone  
  79  5:38  Drone x2  
  79  5:40  Drone  
  79  5:41  Drone  
  84  5:45  Drone x2  
  83  5:52  Drone x2  
  84  5:57  Drone  
  84  5:58  Drone  
  84  6:02  Queen  
  84  6:04  Drone x2  
  90  6:09  Glial Reconstitution  
  90  6:14  Infestation Pit  
  90  6:16  Overlord x2  
  90  6:17  Drone  
  90  6:18  Drone x2  
  90  6:21  Overlord  
  90  6:26  Overlord  
  90  6:27  Overlord x2  
  90  6:34  Queen  
  90  6:37  Overseer  
  90  6:39  Roach  
  96  6:40  Roach x6  
  106  6:51  Hive  
  106  6:52  Zergling x8  
  110  6:58  Zergling x4  
  112  7:05  Zergling x2  
  112  7:06  Zergling x6  
  116  7:09  Infestor x2  
  116  7:10  Hatchery, Infestor  
  121  7:17  Zergling x6  
  121  7:19  Queen  
  121  7:21  Spore Crawler  
  119  7:22  Extractor  
  119  7:26  Zergling x4  
  106  7:34  Zerg Ground Armor Level 2, Zerg Melee Weapons Level 2, Zergling x4  
  105  7:39  Zergling x4  
  105  7:40  Ravager x3  
  105  7:41  Ravager  
  105  7:43  Roach x2  
  115  7:48  Zergling x4  
  115  7:49  Zergling x6  
  120  7:52  Overseer  
  120  7:54  Zergling x6  
  120  8:04  Drone  
  120  8:10  Queen x3  
  124  8:17  Ultralisk Cavern  
  123  8:23  Zergling x18  
  123  8:25  Zergling x2  
  129  8:29  Zergling x6  
  129  8:30  Hatchery  
  131  8:47  Overlord x3  
  131  8:49  Overlord x2  
  131  8:55  Overlord  
  131  9:05  Chitinous Plating  
  130  9:12  Ultralisk  
  130  9:13  Ultralisk x2  
  130  9:15  Zergling x6  
  131  9:20  Infestor  
  133  9:31  Zergling x16  
  140  9:38  Ultralisk  
  145  9:44  Zergling x2  
  144  9:45  Zergling x2  
  144  9:46  Zergling x2  
  144  9:48  Ultralisk  
  139  10:00  Zergling x2  
  139  10:01  Zergling x16  
  139  10:03  Drone x2  
  150  10:10  Zerg Ground Armor Level 3  
  150  10:12  Drone  
  150  10:13  Drone  
  152  10:15  Drone  
  152  10:19  Drone  
  152  10:21  Overlord  
  152  10:23  Overlord x2  
  152  10:34  Hatchery  
  151  10:37  Infestor  
  151  10:38  Infestor  
  151  10:42  Drone x3  
  155  10:47  Drone x3  
  158  10:51  Drone  
  158  10:53  Drone x4  
  158  10:56  Extractor  
  162  10:59  Spire  
  162  11:03  Drone x3  
  164  11:10  Pneumatized Carapace, Overseer  
  164  11:29  Zergling x2  
  164  11:30  Zergling x12  
  171  11:43  Overlord  
  167  11:47  Zergling x22  
  167  11:53  Zergling x10  
  183  11:57  Zergling x2  
  183  11:58  Zergling x2  
  183  12:01  Zergling x2  
  183  12:02  Zergling x2  
  183  12:05  Zergling x2  
  170  12:09  Zergling x4  
  170  12:13  Zergling x2  
  170  12:15  Zergling x2  
  150  12:23  Ultralisk x2  
  156  12:31  Zergling x6  
  150  12:37  Overseer  
  150  12:38  Drone, Overseer  
  149  12:48  Drone x2  
  142  12:53  Hatchery  
  142  12:58  Drone x6  
  146  13:06  Zergling x2  
  146  13:07  Zergling x4  
  146  13:10  Overseer  
  146  13:11  Overseer  
  149  13:13  Zergling x2  
  149  13:16  Zergling x4  
  152  13:25  Zergling x4  
  152  13:26  Zergling x2  
  155  13:29  Extractor  
Show
View Real Time Build Order
Export as new Build Order

MMA Terran - Winner!

Build Orders: Reaper Expand, MMM Bio, Banshee Rush 

Get SALT Encoding   

  12  0:00  SCV  
  13  0:12  SCV  
  14  0:17  Supply Depot  
  14  0:25  SCV  
  15  0:39  SCV  
  15  0:41  Barracks  
  16  0:43  Refinery  
  16  0:51  SCV  
  17  1:03  SCV  
  18  1:15  SCV  
  19  1:27  Orbital Command  
  19  1:28  Reaper  
  20  1:38  Command Center  
  20  1:49  Supply Depot  
  20  1:53  SCV  
  21  2:00  Marine  
  22  2:03  Factory  
  22  2:05  SCV  
  23  2:09  Refinery  
  23  2:17  SCV  
  23  2:21  Barracks Reactor  
  25  2:30  SCV  
  25  2:42  SCV  
  26  2:48  Bunker  
  26  2:49  Starport  
  25  2:52  Factory Tech Lab  
  25  2:54  SCV  
  25  2:56  Orbital Command  
  26  2:58  Marine  
  26  2:59  Marine  
  28  3:06  SCV  
  29  3:16  Marine  
  29  3:17  Marine  
  29  3:18  SCV, Widow Mine  
  34  3:23  SCV  
  35  3:30  SCV, Banshee  
  35  3:31  Supply Depot  
  39  3:37  Cloaking Field  
  39  3:38  Marine  
  40  3:42  SCV x2  
  42  3:54  SCV x2  
  44  4:04  Command Center, Factory Tech Lab  
  44  4:06  SCV x2  
  46  4:13  Banshee  
  49  4:18  SCV x2  
  51  4:29  Marine  
  51  4:30  SCV x2, Stimpack, Factory Reactor  
  54  4:38  Barracks  
  54  4:39  Barracks  
  54  4:43  Supply Depot  
  54  4:48  Engineering Bay  
  54  4:49  Engineering Bay  
  54  4:55  Refinery  
  54  4:56  Supply Depot, Refinery  
  54  5:03  Starport Reactor  
  54  5:04  Supply Depot, SCV x2, Marine  
  57  5:16  SCV x2  
  57  5:17  Terran Infantry Weapons Level 1  
  57  5:18  Terran Infantry Armor Level 1  
  59  5:22  Marine  
  60  5:28  SCV x2  
  60  5:32  Orbital Command, Marine x2  
  60  5:34  Siege Tank  
  67  5:43  Barracks, Marine x2  
  67  5:45  Barracks  
  67  5:46  Marine  
  70  5:50  Marine  
  70  5:52  SCV x2, Orbital Command  
  73  5:58  Marine  
  73  6:00  Medivac x2  
  73  6:01  Marine  
  79  6:07  Marine  
  79  6:08  Marine  
  79  6:09  Supply Depot x2  
  81  6:15  SCV x2  
  83  6:19  Marine  
  83  6:21  Marine x2  
  83  6:25  SCV  
  87  6:27  Armory, SCV  
  87  6:30  SCV  
  87  6:31  Barracks Reactor x2  
  89  6:37  SCV  
  89  6:39  SCV, Refinery  
  91  6:41  Siege Tank  
  91  6:42  Combat Shields, SCV  
  95  6:49  SCV  
  95  6:51  SCV  
  95  6:52  Marine x2  
  95  6:53  Marine x3  
  95  6:54  SCV  
  103  6:55  Supply Depot  
  104  7:01  SCV  
  104  7:03  SCV  
  104  7:05  Supply Depot, Medivac  
  104  7:06  Supply Depot, Medivac  
  109  7:12  Supply Depot  
  109  7:14  Supply Depot  
  109  7:16  SCV, Marine x7  
  117  7:26  Factory Reactor  
  117  7:27  SCV, Marine x2  
  116  7:35  Marine x4  
  116  7:36  Marine x3  
  118  7:38  Medivac x2  
  118  7:40  SCV  
  118  7:41  SCV x2, Terran Infantry Weapons Level 2  
  118  7:42  Terran Infantry Armor Level 2  
  125  7:48  Barracks  
  125  7:53  Barracks  
  125  7:55  SCV x2  
  127  8:01  Marine x2  
  127  8:02  Marine x4  
  127  8:03  Marine x3  
  127  8:04  Widow Mine x2  
  138  8:07  SCV  
  138  8:08  SCV  
  138  8:09  Supply Depot x2  
  140  8:17  Medivac x2  
  144  8:22  Marauder  
  144  8:25  Marine x3  
  149  8:30  Marine  
  149  8:32  Supply Depot  
  149  8:33  Supply Depot x2  
  150  8:36  Marauder, Marine x4  
  150  8:39  Concussive Shells  
  156  8:42  Barracks  
  156  8:43  Marauder  
  156  8:45  Factory Tech Lab  
  156  8:46  Marine x2  
  156  8:47  Factory Reactor, Marine  
  156  8:48  Medivac x2  
  165  8:56  Marine x4  
  165  8:58  Marauder  
  165  9:00  Command Center, Marine  
  165  9:02  Marine x2  
  174  9:04  Sensor Tower  
  174  9:06  Marauder  
  176  9:10  Supply Depot  
  176  9:11  Supply Depot  
  169  9:23  Marine x2, Marauder  
  172  9:26  Marine  
  172  9:27  Marauder, Marine x2  
  167  9:39  Marine x2  
  167  9:40  Marine  
  167  9:41  Marine x2  
  167  9:43  Marine  
  170  9:48  Marauder, Marine x6  
  177  9:53  Medivac x2  
  177  9:56  Marine  
  177  9:59  Marine  
  179  10:07  Marauder  
  179  10:10  Command Center, Ghost Academy, Marauder  
  179  10:14  Terran Infantry Weapons Level 3, Terran Infantry Armor Level 3  
  181  10:28  Marauder  
  185  10:42  Ghost  
  185  10:43  Barracks Tech Lab  
  185  10:48  Barracks  
  185  10:49  Ghost  
  187  10:50  Barracks  
  187  11:00  Marine x2  
  187  11:03  Marine x2  
  191  11:06  Ghost  
  191  11:10  Personal Cloaking, Ghost  
  195  11:13  Barracks  
  195  11:14  Barracks x2  
  195  11:17  Ghost  
  196  11:35  Ghost  
  196  11:38  Orbital Command  
  196  11:39  Ghost  
  200  11:40  Refinery  
  200  11:46  Ghost  
  198  11:50  Medivac  
  198  12:03  Ghost  
  200  12:10  Ghost  
  200  12:14  Barracks Tech Lab x3, Ghost  
  161  12:37  Ghost x3  
  161  12:39  Ghost  
  161  12:42  Marine x2  
  161  12:43  Marine x2  
  173  12:45  Planetary Fortress  
  173  12:48  Ghost x2  
  173  12:56  Marine x6  
  177  13:00  Refinery  
  177  13:03  Refinery  
  177  13:06  Ghost x3, Medivac x2  
  187  13:22  Marauder x3  
Tags
 
Add a new tag
Caveats
  • Supply blocks, unpowered buildings, or Contaminate may cause inaccurate times.
  • Supply counts are checked every 10 seconds.